Map: Dusk Towers

Players

Fropez

  • Race: Protoss Protoss
  • League: Silver
  • Spawn Location: 7:00

KoKsnot - Winner!

  • Race: Terran Terran
  • League: Silver
  • Spawn Location: 1:00

VOD

Have the link to the VOD?

Description

Time

  • Played on: May 9, 2016, 7:01 p.m.
  • Length: 14:57
Show
View Real Time Build Order
Export as new Build Order

Fropez Protoss 

Build Orders:  

Get SALT Encoding   

  12  0:01  Probe (Chrono Boost)  
  13  0:15  Pylon  
  13  0:20  Probe (Chrono Boost)  
  14  0:30  Probe (Chrono Boost)  
  15  0:38  Gateway  
  15  0:41  Probe (Chrono Boost)  
  16  0:50  Pylon  
  16  0:52  Probe (Chrono Boost)  
  17  1:01  Assimilator  
  17  1:09  Probe (Chrono Boost)  
  18  1:19  Probe (Chrono Boost)  
  19  1:30  Probe (Chrono Boost)  
  20  1:35  Cybernetics Core  
  20  1:59  Probe (Chrono Boost)  
  21  2:03  Assimilator  
  21  2:11  Mothership Core (Chrono Boost)  
  23  2:18  Nexus  
  23  2:21  Assimilator  
  24  2:30  Probe (Chrono Boost)  
  24  2:35  Pylon  
  24  2:40  Probe (Chrono Boost)  
  24  2:46  Warp Gate (Chrono Boost)  
  24  2:51  Probe  
  25  2:55  Twilight Council  
  25  3:01  Adept  
  25  3:03  Probe  
  28  3:28  Adept  
  30  3:41  Gateway  
  30  3:42  Probe x2, Gateway  
  30  3:46  Gateway  
  32  3:48  Resonating Glaives  
  32  3:55  Adept  
  34  4:01  Pylon  
  34  4:03  Probe  
  34  4:05  Probe  
  36  4:14  Pylon, Probe  
  37  4:20  Pylon  
  37  4:25  Probe  
  37  4:27  Probe  
  39  4:33  Assimilator  
  39  4:36  Probe  
  40  4:41  Probe  
  41  4:58  Probe  
  41  4:59  Probe  
  43  5:05  Adept x2  
  43  5:06  Adept  
  49  5:21  Pylon  
  49  5:25  Probe  
  49  5:26  Probe  
  51  5:44  Pylon  
  51  5:46  Probe  
  51  5:48  Probe  
  51  5:51  Forge  
  51  5:54  Zealot x2  
  50  6:11  Probe  
  50  6:14  Probe  
  52  6:22  Probe  
  53  6:33  Pylon  
  53  6:36  Probe  
  53  6:37  Probe  
  55  6:45  Photon Cannon  
  55  6:53  Photon Cannon  
  55  6:55  Probe  
  55  6:56  Probe  
  55  7:01  Adept x4  
  62  7:30  Probe  
  62  7:31  Probe  
  62  7:33  Protoss Ground Weapons Level 1 (Chrono Boost)  
  62  7:39  Gateway  
  62  7:40  Probe, Gateway  
  62  7:41  Pylon  
  61  7:58  Probe x2  
  60  8:04  Robotics Facility  
  60  8:05  Pylon, Robotics Facility  
  51  8:26  Stalker x2  
  51  8:27  Stalker x2  
  59  8:37  Probe  
  59  8:38  Probe  
  61  8:46  Pylon  
  61  8:47  Probe  
  61  8:53  Immortal x2  
  70  9:00  Adept x5  
  80  9:09  Probe  
  80  9:10  Adept  
  80  9:11  Probe  
  84  9:19  Protoss Ground Weapons Level 2 (Chrono Boost)  
  84  9:20  Probe  
  84  9:23  Probe  
  86  9:33  Adept  
  86  9:34  Adept x4  
  92  10:42  Immortal x2  
  88  10:57  Nexus  
  88  11:01  Assimilator  
  88  11:05  Assimilator  
  88  11:08  Pylon  
  88  11:09  Pylon  
  88  11:13  Adept  
  88  11:14  Adept x5, Pylon  
  100  11:21  Pylon, Immortal  
  100  11:22  Immortal  
  108  11:38  Robotics Bay  
  84  12:12  Stalker x4  
  84  12:13  Stalker x2, Templar Archives  
  96  12:42  Probe  
  96  12:44  Probe  
  76  13:00  High Templar x5  
  76  13:01  High Templar  
  71  13:13  Archon  
  71  13:14  Archon x2  
  67  13:34  Stalker x4  
  69  13:37  Observer x2  
  73  13:45  Probe  
  73  13:47  Probe x2  
  75  14:01  Zealot x2  
  75  14:02  Zealot x2  
  83  14:08  Nexus  
  79  14:12  Assimilator  
  79  14:17  Assimilator  
  79  14:18  Pylon  
  79  14:20  Pylon  
  79  14:21  Pylon  
  75  14:24  Pylon  
  75  14:25  High Templar  
  75  14:26  High Templar x3  
  69  14:52  Archon x2  
Show
View Real Time Build Order
Export as new Build Order

KoKsnot Terran - Winner!

Build Orders: Reaper Expand 

Get SALT Encoding   

  12  0:01  SCV  
  13  0:16  Supply Depot  
  13  0:18  SCV  
  14  0:30  SCV  
  15  0:39  Barracks  
  15  0:42  SCV  
  16  0:48  Refinery  
  16  1:17  SCV  
  17  1:28  Supply Depot  
  17  1:29  SCV  
  18  1:56  Orbital Command  
  18  1:59  Reaper  
  19  2:21  Refinery  
  19  2:27  SCV  
  20  2:30  Command Center  
  20  2:50  Barracks Reactor  
  20  2:51  Factory  
  20  3:01  SCV  
  21  3:08  Supply Depot  
  21  3:13  SCV  
  22  3:26  SCV  
  22  3:38  SCV  
  22  3:39  Barracks Tech Lab  
  23  3:45  Starport  
  23  3:47  SCV  
  23  3:48  Refinery  
  24  3:50  SCV  
  25  3:55  Engineering Bay  
  25  4:00  Engineering Bay  
  25  4:01  Orbital Command  
  25  4:02  SCV  
  26  4:07  Widow Mine  
  28  4:10  Widow Mine  
  28  4:14  SCV  
  31  4:17  Marauder  
  31  4:21  Medivac  
  35  4:37  Widow Mine  
  37  4:38  Marauder  
  37  4:41  Widow Mine  
  41  4:57  Starport Reactor, SCV  
  42  5:08  Barracks  
  42  5:11  Widow Mine x2  
  46  5:18  SCV  
  46  5:19  Command Center  
  46  5:20  SCV  
  47  5:38  Medivac  
  47  5:40  Marauder  
  51  5:48  SCV  
  52  5:59  SCV  
  52  6:00  SCV  
  54  6:22  Barracks Reactor  
  54  6:27  Widow Mine  
  54  6:31  Marauder  
  58  6:39  SCV  
  59  6:46  Barracks  
  59  6:48  Starport  
  59  6:53  Marauder  
  61  6:58  Viking x2  
  65  7:04  Refinery  
  65  7:05  Missile Turret  
  65  7:14  Marauder  
  64  7:31  SCV  
  64  7:35  SCV  
  62  7:55  Missile Turret  
  62  7:57  Starport Reactor  
  60  7:59  Missile Turret  
  56  8:10  Marauder  
  53  8:26  SCV  
  50  8:28  Barracks Tech Lab  
  50  8:31  Widow Mine x2  
  50  8:32  Marauder  
  50  8:33  Marine x2  
  56  8:37  Medivac  
  56  8:38  SCV, Supply Depot  
  59  8:44  Missile Turret  
  59  8:50  SCV  
  59  8:53  Marine  
  61  8:57  Supply Depot, Terran Infantry Weapons Level 1  
  61  8:58  Supply Depot, Terran Infantry Armor Level 1  
  61  9:00  Medivac x2  
  61  9:02  Stimpack, Supply Depot, Marauder  
  67  9:03  Marine x2  
  67  9:09  SCV x2  
  71  9:10  Marine  
  72  9:18  SCV  
  72  9:20  Supply Depot  
  72  9:21  SCV, Widow Mine x2  
  72  9:23  Marauder  
  80  9:25  Marine x2  
  80  9:26  Combat Shields  
  80  9:28  Marine  
  80  9:29  Supply Depot  
  80  9:30  SCV  
  84  9:33  Orbital Command  
  84  9:35  Refinery  
  84  9:38  Refinery  
  84  9:39  Missile Turret  
  84  9:47  Marauder  
  84  9:52  Supply Depot  
  81  10:08  Marauder  
  72  10:29  Marine  
  72  10:33  SCV  
  72  10:34  Marine x2  
  74  10:39  Marauder  
  69  10:47  Marine  
  69  10:52  Marine x2  
  69  11:00  Marauder  
  71  11:04  Marine  
  71  11:09  Marine x2  
  74  11:15  SCV  
  75  11:18  SCV  
  75  11:19  SCV  
  75  11:22  Marauder  
  75  11:23  Marauder  
  81  11:26  Armory  
  81  11:27  Marine x2, SCV, Medivac x4  
  81  11:31  SCV x2  
  94  11:39  SCV  
  95  11:43  Marauder  
  95  11:44  Marauder  
  95  11:45  Marine  
  100  11:47  SCV x2  
  100  11:51  SCV  
  99  11:55  Marine  
  99  11:57  Medivac  
  99  11:59  SCV  
  99  12:03  Marine  
  99  12:05  Marauder  
  99  12:06  Marauder  
  104  12:12  Marine  
  105  12:19  Widow Mine x2  
  105  12:20  Medivac x2  
  105  12:21  Marine  
  114  12:24  SCV  
  114  12:25  Supply Depot  
  114  12:26  Marine, Marauder  
  114  12:29  Missile Turret  
  118  12:30  Marine  
  118  12:31  Terran Infantry Weapons Level 2  
  119  12:41  SCV  
  120  12:45  Marauder  
  122  12:52  Marine  
  122  12:53  Marine x2  
  115  13:06  Marauder  
  115  13:10  Marine x2  
  115  13:11  Marine  
  103  13:23  SCV  
  100  13:27  Marine  
  100  13:28  Marine x3  
  104  13:45  Marine  
  104  13:46  Marine x3, Medivac x4  
  116  14:00  Missile Turret  
  116  14:03  Marine  
  116  14:04  Marine x2  
  116  14:05  Marauder  
  115  14:21  Marauder  
  115  14:22  Marine x2  
  115  14:26  Marauder  
Tags
 
Matchup
PvT
Replay Pack
All Mines
Spawn Locations
Cross Positions
Add a new tag
Caveats
  • Supply blocks, unpowered buildings, or Contaminate may cause inaccurate times.
  • Supply counts are checked every 10 seconds.